AoeStats
← maradona10

Arabia

505025170Analyzed
1v1 RM · 25d ago on Sep 7, 2026· 42m 29s· 2 players
Game mode
Random Map
Map size
Tiny (2 player)
Population
200
Speed
Normal
Resources
Standard
Victory
Conquest
Starting age
Dark Age
Ending age
Imperial Age
RankedLock teamsTeams togetherTeam positionsShared explorationLock speedFull tech treeHidden civsTurbo modeCheats
Victory
Defeat
🇸🇰 Turks · Slovakia
1137
+15
🇪🇸 Magyars · Spain
1123
-15
maradona10
8:03 Loom
10:41 Feudal Age
11:10 Double-Bit Axe
20:27 Castle Age
18:59 Horse Collar
19:13 Gold Mining
19:16 Fletching
20:14 Scale Mail Armor
20:58 Bloodlines
20:48 Pikeman
22:52 Town Watch
25:03 Husbandry
30:32 Bodkin Arrow
35:40 Ballistics
38:58 Chain Mail Armor
martinjanos1
5:50 Loom
8:39 Feudal Age
9:26 Double-Bit Axe
16:35 Horse Collar
19:13 Castle Age
18:07 Bloodlines
18:48 Forging
19:31 Scale Barding Armor
20:43 Bow Saw
24:12 Heavy Plow
29:57 Wheelbarrow
30:39 Chain Barding Armor
30:55 Iron Casting
34:40 Hand Cart
34:59 Husbandry
38:35 Imperial Age
39:54 Plate Barding Armor
42:59 Conscription
43:05 Squires
Connection lost

Rejoining the realm…

Still unreachable

The connection could not be restored.

Session expired

The server has moved on; the page needs a fresh start.